 Dungeon Crawl Stone Soup version 0.18.1-50-g88ac8fd (webtiles) character file.

257752 RepoMan the Scorcher (level 18, -5/220 HPs)
             Began as a Demigod Fire Elementalist on Sept 20, 2016.
             Slain by a scimitar of slicing (7 damage)
             ... on level 2 of the Elven Halls on Sept 22, 2016.
             The game lasted 11:02:03 (68488 turns).

RepoMan the Scorcher (Demigod Fire Elementalist)   Turns: 68488, Time: 11:02:03

Health: -5/220     AC: 14    Str: 21    XL:     18   Next: 77%
Magic:  2/40       EV: 20    Int: 31    God:
Gold:   2511       SH:  8    Dex: 19    Spells: 13 memorised, 4 levels left

rFire  + . .     SeeInvis .     w - +9 mace "Jeutumiq" {drain, +Inv rElec}
rCold  . . .     Gourm    .     K - +5 leather armour "Puvug" {+Fly rElec rN++ Str-3}
rNeg   + + +     Faith    .     J - +2 buckler of the Duke {rC- rN++ rCorr}
rPois  +         Spirit   .     (no helmet)
rElec  +         Dismiss  +     U - +0 cloak {rPois}
rCorr  +         Reflect  .     H - +1 pair of gloves {Dex+3}
SustAt +         Harm     .     p - +0 pair of boots of Makhleb's Displeasure {Stlth+}
MR     +....                    Z - amulet "Zas Fekk" {Dismiss rElec Int+8 Stlth-}
Stlth  ..........               o - ring of wizardry
                                n - ring of protection from cold

@: berserking (expiring), very slightly contaminated, deflect missiles, very
quick, somewhat resistant to hostile enchantments, extremely unstealthy
A: fire resistance 1, high mp 1, sustain attributes
a: Evoke Invisibility, Evoke Flight
}: 1/15 runes: barnacled


You were on level 2 of the Elven Halls.
You were not hungry.

You visited 8 branches of the dungeon, and saw 37 of its levels.
You also visited: Bailey and Ice Cave.

You collected 4717 gold pieces.
You spent 2206 gold pieces at shops.

Inventory:

Hand Weapons
 w - the +9 mace "Jeutumiq" (weapon) {drain, +Inv rElec}
   (You found it on level 4 of the Dungeon)

   A truly terrible weapon, it drains the life of those it strikes.
   It insulates you from electricity.
   It lets you turn invisible.
Missiles
 P - 5 throwing nets (quivered)
Armour
 p - the +0 pair of boots of Makhleb's Displeasure (worn) {Stlth+}
   (You found it on level 2 of the Shoals)

   It makes you more stealthy.
 H - a +1 pair of gloves of dexterity (worn)
 J - the +2 buckler of the Duke (worn) {rC- rN++ rCorr}
   (You bought it in a shop on level 2 of the Orcish Mines)

   It makes you vulnerable to cold.
   It greatly protects you from negative energy.
   It protects you from acid and corrosion.
 K - the +5 leather armour "Puvug" (worn) {+Fly rElec rN++ Str-3}
   (You found it on level 6 of the Dungeon)

   It affects your strength (-3).
   It insulates you from electricity.
   It greatly protects you from negative energy.
   It lets you fly.
 U - a +0 cloak of poison resistance (worn)
Jewellery
 b - an uncursed ring of protection from fire
 n - a ring of protection from cold (left hand)
 o - a ring of wizardry (right hand)
 z - an uncursed ring of see invisible
 Z - the amulet "Zas Fekk" (around neck) {Dismiss rElec Int+8 Stlth-}
   (You took it off a deep elf mage on level 2 of the Elven Halls)

   [amulet of dismissal]

   It may teleport away creatures that harm you.
   It affects your intelligence (+8).
   It insulates you from electricity.
   It makes you less stealthy.
Wands
 h - a wand of digging (8/24)
 x - a wand of teleportation (5/9)
 G - a wand of iceblast (7/15)
 O - a wand of hasting (3/9)
 R - a wand of enslavement (7/24)
 S - a wand of digging (16/24)
Scrolls
 f - a scroll of blinking
 r - 4 scrolls of teleportation
 u - 2 scrolls of summoning
 A - 4 scrolls of recharging
 F - a scroll of silence
 I - 4 scrolls of immolation
 L - 5 scrolls of remove curse
 Q - a scroll of magic mapping
 V - 11 scrolls of identify
Potions
 g - 2 potions of berserk rage
 i - 4 potions of cure mutation
 j - 14 potions of curing
 k - a potion of magic
 t - a potion of ambrosia
 C - a potion of heal wounds
 D - 6 potions of flight
 E - 2 potions of cancellation
 N - a potion of haste
Books
 e - a book of the Earth

   Spells                             Type                      Level
   a - Leda's Liquefaction            Hexes/Earth                  4
   b - Bolt of Magma                  Conjuration/Fire/Earth       5
   c - Statue Form                    Transmutation/Earth          6
   d - Iron Shot                      Conjuration/Earth            6
   e - Shatter                        Earth                        9
Miscellaneous
 Y - a lamp of fire (inert)
Comestibles
 a - 4 chunks of flesh
 c - 7 bread rations
 d - 14 meat rations


   Skills:
 + Level 10.0 Fighting
 - Level 9.0 Armour
 + Level 9.9 Dodging
 - Level 1.7 Stealth
 - Level 4.0 Shields
 * Level 12.7 Spellcasting
 + Level 13.1 Conjurations
 - Level 9.0 Charms
 - Level 2.2 Translocations
 * Level 17.8 Fire Magic
 - Level 7.5 Air Magic
 - Level 3.0 Evocations


You had 4 spell levels left.
You knew the following spells:

 Your Spells              Type           Power        Failure   Level  Hunger
a - Flame Tongue          Conj/Fire      #####        0%          1    None
b - Blink                 Tloc           N/A          1%          2    None
c - Conjure Flame         Conj/Fire      #######.     0%          3    None
d - Stone Arrow           Conj/Erth      ######       1%          3    None
e - Fireball              Conj/Fire      #######...   1%          5    #......
f - Throw Flame           Conj/Fire      ######       0%          2    None
g - Apportation           Tloc           ####......   1%          1    None
h - Deflect Missiles      Chrm/Air       ######....   7%          6    ####...
i - Inner Flame           Hex/Fire       ######..     1%          3    None
m - Mephitic Cloud        Conj/Pois/Air  ######..     1%          3    None
p - Cure Poison           Pois           ###.......   1%          2    None
r - Regeneration          Chrm/Necr      #####.....   1%          3    None
s - Sticky Flame          Conj/Fire      #######.     1%          4    None


Dungeon Overview and Level Annotations

Branches:
Dungeon (15/15)            Temple (1/1) D:5            Lair (8/8) D:11
 Shoals (4/4) Lair:4        Snake (3/4) Lair:6        Slime (1/6) Lair:7
    Orc (2/2) D:12            Elf (3/3) Orc:2        Vaults (0/5) D:14
 Depths (0/5) D:15

Shops:
D:11 [[   Orc:2 [=(*   Elf:1 (   Shoals:2 ?

Annotations:
D:6 Prince Ribbit
Elf:2 3 runed doors


Innate Abilities, Weirdness & Mutations

You have an increased reservoir of magic (+10% MP).
Your attributes are resistant to harm.
Your flesh is heat resistant.


Message History

The scimitar of slicing is severely damaged.
The scimitar of slicing hits you!
* * * LOW HITPOINT WARNING * * *
x2 You hit the scimitar of slicing but do no damage.
The scimitar of slicing is heavily damaged.
You block the scimitar of slicing's attack.
Press: ? - help, v - describe, . - travel
Here: a scimitar of slicing (heavily damaged)
A stone staircase leading down, spattered with blood.
Unknown command.
Unknown command.
You sock the scimitar of slicing!
The scimitar of slicing is almost destroyed.
You block the scimitar of slicing's attack.
You miss the scimitar of slicing.
The scimitar of slicing is almost destroyed.
The scimitar of slicing completely misses you.
The scimitar of slicing hits you!!
* * * LOW HITPOINT WARNING * * *
You die...

...#................#
...#..............[.#
...#................#
...#..........(.....#
...#................#
...#...........<....#
...#................#
...#................#
...#..........[(@...#
...#............#####
...#..........#....#
...#.........###...#
...#..........#...###
...#.......#......#(#
)..#......###.....##+
...#.....## ##..#...+
...#......###.....##+


You could see a scimitar of slicing.

Vanquished Creatures
  Nikola (Elf:1)
  Jorgrun (Snake:2)
  Agnes (Elf:2)
  Roxanne (Elf:2)
  Ilsuiw (Shoals:4)
  A greater naga (Snake:3)
  Donald (Shoals:1)
  A deep elf sorcerer (Elf:1)
  Maud (Lair:5)
  Aizul (Shoals:1)
  An orc warlord (Orc:2)
  A deep elf demonologist (Elf:1)
  5 merfolk javelineers
  15 merfolk impalers
  2 fire dragons
  A mummy priest (Elf:2)
  Snorg (D:12)
  A yaktaur captain (D:14)
  4 naga warriors
  Harold (Lair:1)
  10 hydras
  5 merfolk avatars
  Erolcha (D:8)
  2 alligator snapping turtles
  3 centaur warriors
  Erica (D:9)
  8 merfolk aquamancers
  An ogre mage (Orc:1)
  A queen ant (Lair:5)
  4 satyrs
  10 dancing weapons
  2 death yaks
  4 anacondas
  4 naga sharpshooters
  Urug (D:12)
  5 orc high priests
  2 vampire magi (Elf:2)
  Sonja (Lair:2)
  14 deep elf knights
  5 shock serpents
  5 skeletal warriors (D:15)
  4 unseen horrors
  17 sea snakes
  A naga ritualist (Snake:2)
  13 harpies
  8 deep elf archers
  Pikel (D:8)
  5 hill giants
  10 orc knights
  5 mana vipers
  4 oklob plants
  7 ugly things
  A hornet (Lair:8)
  47 deep elf magi
  18 fauns
  17 griffons
  An orc sorcerer (Orc:1)
  A wolf spider (Lair:8)
  A salamander (Snake:2)
  3 cyclopes
  16 manticores
  18 elephants
  2 guardian serpents
  3 ice statues
  4 centaur zombies
  13 sirens
  7 naga magi
  26 black mambas
  7 water nymphs
  Psyche (D:10)
  An elephant (shapeshifter) (Elf:1)
  2 torpor snails (Lair:4)
  2 gargoyles
  25 spiny frogs
  4 centaur skeletons
  3 freezing wraiths (IceCv)
  2 kobold demonologists (Elf:2)
  7 rime drakes
  3 anaconda simulacra (IceCv)
  2 yaktaurs (D:14)
  14 komodo dragons
  A golden dragon simulacrum (IceCv)
  4 ice devils (IceCv)
  A queen bee (D:9)
  11 trolls
  3 two-headed ogres
  4 wind drakes
  2 wolf spider simulacra (IceCv)
  60 merfolk
  20 blink frogs
  5 slime creatures (D:15)
  12 snapping turtles
  23 water elementals
  2 air elementals (Elf:1)
  13 wyverns
  3 dire elephant simulacra (IceCv)
  3 wraiths
  78 yaks
  3 fire elementals
  2 basilisks
  2 steam dragons (Lair:8)
  4 vampire mosquitoes (D:15)
  2 death yak simulacra (IceCv)
  5 hungry ghosts
  7 wargs
  2 mottled dragons (Lair:8)
  16 hippogriffs
  2 iron troll simulacra (IceCv)
  24 nagas
  17 soldier ants
  3 harpy simulacra (IceCv)
  18 porcupines
  3 hydra simulacra (IceCv)
  21 water moccasins
  38 orc warriors
  2 ice beasts
  A swamp drake (Lair:8)
  4 black bears
  3 sky beasts
  3 necrophages
  An alligator simulacrum (IceCv)
  A phantom (D:10)
  4 slaves (D:8)
  5 boggarts
  An eye of draining (D:9)
  17 ogres
  4 wasps
  17 wolves
  21 centaurs
  31 crocodiles
  17 giant frogs
  2 big kobolds
  2 wyvern zombies
  A gnoll sergeant (Orc:1)
  2 earth elementals
  8 scorpions
  A water moccasin skeleton (D:7)
  37 killer bees
  26 wights
  8 howler monkeys
  9 electric eels
  10 crimson imps
  A giant frog zombie (D:11)
  5 quasits
  2 draconian simulacra (IceCv)
  8 orc priests
  7 giant frog skeletons
  5 hounds
  6 jellies
  23 orc wizards
  13 iguanas
  4 troll simulacra (IceCv)
  50 worker ants
  A spriggan simulacrum (IceCv)
  18 sheep
  3 centaur simulacra (IceCv)
  2 hound zombies
  A worker ant zombie (D:11)
  10 gnolls
  A howler monkey skeleton (D:8)
  2 naga simulacra (IceCv)
  16 adders
  3 ogre simulacra (IceCv)
  81 river rats
  3 shadow imps
  5 white imps (IceCv)
  7 ufetubi (IceCv)
  An ooze (D:1)
  2 adder skeletons
  2 worms
  A dart slug (D:1)
  7 giant geckos
  71 orcs
  A ball python (D:4)
  5 bats
  9 giant cockroaches
  9 goblins
  3 hobgoblins
  5 jackals
  4 quokkas
  A ball python skeleton (D:4)
  A giant gecko zombie (D:8)
  5 giant newts
  A goblin skeleton (D:4)
  A goblin zombie (D:4)
  2 hobgoblin zombies (D:4)
  A jackal skeleton (D:6)
  13 kobolds
  2 kobold skeletons (D:4)
  2 orc zombies (D:4)
  A quokka skeleton (D:5)
  4 rats
  5 fungi
  6 plants
1551 creatures vanquished.

Vanquished Creatures (collateral kills)
  An Ice Fiend (IceCv)
  A merfolk javelineer (Shoals:3)
  A faun (Shoals:3)
  4 merfolk (Shoals:3)
  A water elemental (Shoals:3)
8 creatures vanquished.

Vanquished Creatures (others)
  A merfolk aquamancer (Shoals:4)
  A komodo dragon (Lair:8)
  2 ufetubi (IceCv)
  6 bushes
  56 fungi
  73 plants
  12 tentacles (Shoals:1)
  605 tentacle segments (Shoals:1)
756 creatures vanquished.

Grand Total: 2315 creatures vanquished

Notes
Turn   | Place    | Note
--------------------------------------------------------------
     0 | D:1      | RepoMan the Demigod Fire Elementalist began the quest for the Orb.
     0 | D:1      | Reached XP level 1. HP: 14/14 MP: 5/5
   102 | D:1      | Reached skill level 1 in Conjurations
   338 | D:1      | Reached skill level 3 in Fire Magic
   376 | D:1      | Reached XP level 2. HP: 20/20 MP: 5/7
   380 | D:1      | Learned a level 2 spell: Throw Flame
   766 | D:1      | Reached XP level 3. HP: 12/26 MP: 1/8
  1177 | D:1      | Learned a level 3 spell: Conjure Flame
  1188 | D:2      | Found a blossoming altar of Fedhas.
  1190 | D:2      | Found a stormy altar of Qazlal.
  1368 | D:2      | Found a shimmering altar of Xom.
  1384 | D:2      | Found a sacrificial altar of Ru.
  1462 | D:2      | Found an oddly glowing altar of Pakellas.
  1737 | D:3      | Found a bloodstained altar of Trog.
  1928 | D:3      | Reached XP level 4. HP: 24/33 MP: 4/10
  2340 | D:3      | Reached skill level 4 in Fire Magic
  2687 | D:4      | Found a glowing silver altar of Zin.
  2688 | D:4      | Found an opulent altar of Gozag.
  2728 | D:4      | Reached XP level 5. HP: 38/38 MP: 2/11
  3021 | D:4      | Found a glowing golden altar of the Shining One.
  3060 | D:5      | Entered Level 5 of the Dungeon
  3233 | D:4      | Learned a level 3 spell: Inner Flame
  3240 | D:4      | Got a slimy mace
  3480 | D:4      | Reached XP level 6. HP: 45/45 MP: 9/13
  3745 | D:4      | Reached skill level 5 in Fire Magic
  4017 | D:4      | Identified the +9 mace "Jeutumiq" {drain, +Inv rElec} (You found it on level 4 of the Dungeon)
  4448 | D:5      | Found a snail-covered altar of Cheibriados.
  4460 | D:5      | Reached XP level 7. HP: 28/50 MP: 10/15
  5029 | D:5      | Reached skill level 6 in Fire Magic
  5035 | D:5      | Learned a level 4 spell: Sticky Flame
  5151 | D:5      | Found a staircase to the Ecumenical Temple.
  5156 | Temple   | Entered the Ecumenical Temple
  5444 | D:6      | Got a brightly glowing leather armour
  5560 | D:6      | Reached skill level 7 in Fire Magic
  5560 | D:6      | Reached XP level 8. HP: 57/57 MP: 0/18
  5695 | D:6      | Noticed Prince Ribbit
  5741 | D:5      | Identified the +5 leather armour "Puvug" {+Fly rElec rN++ Str-3} (You found it on level 6 of the Dungeon)
  6194 | D:7      | Reached skill level 5 in Conjurations
  6254 | D:7      | Reached skill level 5 in Spellcasting
  6294 | D:7      | Reached skill level 8 in Fire Magic
  6941 | D:7      | Reached XP level 9. HP: 62/62 MP: 16/20
  6950 | D:7      | Found a basalt altar of Yredelemnul.
  7024 | D:7      | Found a glowing golden altar of the Shining One.
  7026 | D:7      | Noticed an angel
  7034 | D:7      | Noticed a profane servitor
  7158 | D:7      | Found a deep blue altar of Sif Muna.
  7162 | D:7      | Found a burning altar of Makhleb.
  7165 | D:7      | Found an iron altar of Okawaru.
  7328 | D:7      | Reached skill level 9 in Fire Magic
  7360 | D:7      | Learned a level 5 spell: Fireball
  7402 | D:8      | Got a steaming scimitar
  7655 | D:8      | Noticed Erolcha
  7675 | D:8      | Noticed Pikel
  7691 | D:8      | Killed Pikel
  8055 | D:8      | Reached skill level 10 in Fire Magic
  8077 | D:8      | Reached XP level 10. HP: 55/69 MP: 5/23
  8290 | D:8      | Identified the +8 scimitar of Duty {pain, rElec rC+} (You found it on level 8 of the Dungeon)
  8369 | D:8      | Killed Erolcha
  9138 | D:9      | Reached skill level 11 in Fire Magic
  9148 | D:9      | Noticed Erica
  9153 | D:9      | Killed Erica
  9811 | D:9      | Reached XP level 11. HP: 46/74 MP: 0/26
 10529 | D:10     | Entered Level 10 of the Dungeon
 10778 | D:10     | Noticed Psyche
 10781 | D:10     | Killed Psyche
 10945 | D:10     | Reached skill level 1 in Fighting
 11008 | D:10     | Reached skill level 1 in Armour
 11417 | D:6      | Found an iron altar of Okawaru.
 12239 | D:11     | Found Vyabeij's Antique Armour Shop.
 12247 | D:11     | Found Noschook's Armour Shoppe.
 12725 | D:11     | Got a translucent leather armour
 12803 | D:11     | Noticed an unseen horror
 12808 | D:11     | Killed an unseen horror
 12808 | D:11     | Reached skill level 12 in Fire Magic
 12835 | D:11     | Noticed a hill giant
 12946 | D:10     | Identified the +1 leather armour of Votar {Str+6} (You found it on level 11 of the Dungeon)
 12976 | D:11     | Noticed a hill giant
 12989 | D:11     | Killed a hill giant
 13619 | D:11     | HP: 2/81 [manticore/volley of spikes (10)]
 13987 | D:11     | Noticed a centaur warrior
 14011 | D:11     | Found a staircase to the Lair.
 14054 | D:11     | Killed a hill giant
 14190 | D:11     | Noticed an unseen horror
 14191 | D:11     | Killed an unseen horror
 14277 | D:11     | Killed a centaur warrior
 14277 | D:11     | Reached XP level 12. HP: 68/89 MP: 23/28
 14804 | Lair:1   | Entered Level 1 of the Lair of Beasts
 14819 | Lair:1   | Noticed a seven-headed hydra
 14829 | Lair:1   | Killed a seven-headed hydra
 15088 | Lair:1   | Noticed Harold
 15097 | Lair:1   | Killed Harold
 15616 | Lair:1   | Reached skill level 5 in Dodging
 15899 | Lair:1   | Reached skill level 13 in Fire Magic
 16488 | Lair:2   | Noticed Sonja
 16502 | Lair:2   | Noticed an eight-headed hydra
 16621 | Lair:2   | Noticed a four-headed hydra
 16665 | Lair:2   | Killed a four-headed hydra
 16763 | Lair:2   | Killed Sonja
 16985 | Lair:2   | Killed an eight-headed hydra
 18262 | Lair:3   | Learned a level 2 spell: Cure Poison
 18266 | Lair:3   | Learned a level 3 spell: Mephitic Cloud
 18269 | Lair:3   | Reached XP level 13. HP: 98/99 MP: 25/30
 18320 | Lair:3   | Reached skill level 5 in Fighting
 18424 | Lair:3   | Got a crude halberd
 18553 | Lair:3   | Identified the +11 halberd "Loepsap" {speed, Fragile Int+6} (You found it on level 3 of the Lair of Beasts)
 18706 | Lair:4   | Reached skill level 5 in Armour
 19574 | Lair:4   | Found a staircase to the Shoals.
 20121 | Lair:5   | Noticed Maud
 20207 | Lair:4   | Reached skill level 10 in Conjurations
 20364 | Lair:5   | Killed Maud
 21421 | Lair:5   | Reached skill level 14 in Fire Magic
 22223 | Lair:6   | Found a staircase to the Snake Pit.
 24246 | Lair:7   | Reached XP level 14. HP: 109/111 MP: 15/32
 25344 | Lair:8   | Entered Level 8 of the Lair of Beasts
 26639 | Lair:7   | Reached skill level 15 in Fire Magic
 28889 | Lair:8   | Identified a scroll of acquirement
 30281 | D:12     | Noticed Snorg
 30377 | D:12     | Noticed Urug
 30402 | D:12     | Killed Urug
 31074 | D:12     | Killed Snorg
 31280 | D:12     | Reached XP level 15. HP: 121/121 MP: 31/33
 31531 | D:12     | Found a staircase to the Orcish Mines.
 31540 | Orc:1    | Entered Level 1 of the Orcish Mines
 31622 | Orc:2    | Entered Level 2 of the Orcish Mines
 31623 | Orc:2    | Found a staircase to the Elven Halls.
 31623 | Orc:2    | Found Ylloutuw's Antique Armour Boutique.
 31641 | Orc:1    | Found a bloodstained altar of Trog.
 31776 | Orc:1    | Found a flagged portal.
 31887 | Bailey   | Entered a bailey
 32863 | Orc:1    | Learned a level 3 spell: Regeneration
 32953 | Orc:2    | Found a roughly hewn altar of Beogh.
 32953 | Orc:2    | Found Kieng's Jewellery Shoppe.
 33161 | Orc:2    | Found Uryabror's Antique Weapon Shoppe.
 33607 | Orc:2    | Bought the macabre finger necklace {rN+} for 261 gold pieces
 33972 | Orc:2    | Reached skill level 16 in Fire Magic
 34302 | Orc:2    | Found Siedaf's General Store.
 34312 | Orc:2    | Bought a scroll of enchant armour for 97 gold pieces
 34457 | Orc:2    | Reached skill level 1 in Charms
 34502 | Orc:2    | Bought a shimmering scale mail for 243 gold pieces
 34502 | Orc:2    | Bought a fine buckler for 256 gold pieces
 34563 | Orc:2    | Identified the +2 buckler of the Duke {rC- rN++ rCorr} (You bought it in a shop on level 2 of the Orcish Mines)
 34828 | Lair:2   | Identified the +2 scale mail of Gaumnuf {MP+9 Str+3} (You bought it in a shop on level 2 of the Orcish Mines)
 35870 | D:14     | Reached skill level 1 in Shields
 35874 | D:14     | HP: 8/184 [yaktaur (8)]
 36292 | D:14     | Found a gate to the Vaults.
 37023 | Orc:2    | Bought a book of Enchantments for 650 gold pieces
 37385 | D:15     | Entered Level 15 of the Dungeon
 37619 | D:15     | Reached skill level 10 in Spellcasting
 38474 | D:15     | Found a shattered altar of Ashenzari.
 38540 | D:15     | Reached skill level 1 in Air Magic
 38867 | D:15     | Got an ominously black robe
 39334 | D:15     | Found a staircase to the Depths.
 39358 | D:15     | Gained mutation: Your flesh is heat resistant. [potion of beneficial mutation]
 39730 | Lair:6   | Found a stormy altar of Qazlal.
 39830 | Lair:7   | Found a staircase to the Slime Pits.
 39984 | Slime:1  | Entered Level 1 of the Pits of Slime
 39984 | Slime:1  | Noticed an acid blob
 40086 | Shoals:1 | Entered Level 1 of the Shoals
 40099 | Shoals:1 | Reached skill level 5 in Charms
 40636 | Shoals:1 | Noticed Donald
 40656 | Shoals:1 | Killed Donald
 40816 | Shoals:1 | Reached XP level 16. HP: 113/130 MP: 11/35
 41547 | Shoals:1 | Noticed Aizul
 41912 | Shoals:1 | Killed Aizul
 42285 | Shoals:1 | Got a faintly glowing long sword {pain}
 42289 | Shoals:1 | Identified the +1 robe of Impatience {MR+++ rCorr Int-4} (You took it off a deep elf mage on level 15 of the Dungeon)
 42310 | Shoals:1 | Identified the +3 long sword "Muriliar" {pain, rN+ MR+ Int+4 Stlth-} (You took it off a merfolk on level 1 of the Shoals)
 43276 | Orc:2    | Bought an uncursed ring of wizardry for 420 gold pieces
 43501 | Shoals:1 | Noticed a kraken
 43849 | Shoals:2 | Got a pair of pitted boots
 43859 | Shoals:2 | Identified the cursed +0 pair of boots of Makhleb's Displeasure {Stlth+} (You found it on level 2 of the Shoals)
 44345 | Shoals:1 | Noticed a kraken
 44715 | Elf:1    | Entered Level 1 of the Elven Halls
 45422 | Elf:1    | Noticed Nikola
 45459 | Elf:1    | Killed Nikola
 47556 | Elf:1    | Found Xitsal's Weapon Shoppe.
 47858 | Elf:1    | Identified the Volume of Supportive Attacks
 47868 | Elf:1    | Learned a level 2 spell: Blink
 47870 | Elf:1    | Learned a level 1 spell: Apportation
 48234 | Elf:1    | Reached skill level 5 in Air Magic
 48245 | Elf:1    | Reached skill level 1 in Translocations
 49125 | Elf:2    | Got a glittering brass amulet
 49186 | Elf:2    | Found a deep blue altar of Sif Muna.
 49485 | Elf:1    | Identified the amulet "Zas Fekk" {Dismiss rElec Int+8 Stlth-} (You took it off a deep elf mage on level 2 of the Elven Halls)
 49508 | Elf:2    | Reached XP level 17. HP: 136/136 MP: 33/37
 50017 | Elf:2    | Identified Sif Muna's Tome of Creation
 50295 | Elf:2    | Found a runed gate.
 50295 | Elf:2    | Found a runed gate.
 50295 | Elf:2    | Found a runed gate.
 51540 | Snake:1  | Entered Level 1 of the Snake Pit
 52947 | Snake:1  | Learned a level 3 spell: Stone Arrow
 53013 | Snake:2  | Reached skill level 17 in Fire Magic
 53206 | Snake:2  | Found a frozen archway.
 53276 | IceCv    | Entered an ice cave
 54845 | IceCv    | Noticed an Ice Fiend
 54851 | IceCv    | Killed an Ice Fiend
 55406 | Snake:2  | Learned a level 6 spell: Deflect Missiles
 55783 | Snake:2  | Noticed Jorgrun
 55819 | Snake:2  | Killed Jorgrun
 59609 | Shoals:2 | Found Vaodoj's Magic Scroll Shoppe.
 59620 | Shoals:2 | Bought a scroll of identify for 26 gold pieces
 59620 | Shoals:2 | Bought a scroll of identify for 26 gold pieces
 59620 | Shoals:2 | Bought a scroll of identify for 26 gold pieces
 59620 | Shoals:2 | Bought a scroll of identify for 26 gold pieces
 59620 | Shoals:2 | Bought a scroll of identify for 26 gold pieces
 59620 | Shoals:2 | Bought a scroll of identify for 26 gold pieces
 59620 | Shoals:2 | Bought a scroll of identify for 26 gold pieces
 59620 | Shoals:2 | Bought a scroll of enchant weapon for 97 gold pieces
 59853 | Shoals:2 | Reached skill level 1 in Evocations
 61540 | Shoals:3 | Reached XP level 18. HP: 111/145 MP: 27/39
 62378 | Shoals:4 | Entered Level 4 of the Shoals
 62378 | Shoals:4 | Found a shattered altar of Ashenzari.
 64429 | Shoals:4 | Noticed Ilsuiw
 64730 | Shoals:4 | Killed Ilsuiw
 67122 | Shoals:4 | Got a barnacled rune of Zot
 67677 | Elf:2    | Found a radiant altar of Vehumet.
 67772 | Elf:2    | Noticed Roxanne
 67795 | Elf:2    | Killed Roxanne
 68143 | Elf:2    | Noticed Agnes
 68159 | Elf:2    | Killed Agnes
 68279 | Elf:3    | Entered Level 3 of the Elven Halls
 68443 | Elf:3    | Reached skill level 10 in Fighting
 68488 | Elf:2    | HP: 2/220 [scimitar of slicing (21)]
 68488 | Elf:2    | Slain by a scimitar of slicing

Skill      XL: |  1  2  3  4  5  6  7  8  9 10 11 12 13 14 15 16 17 18 |
---------------+-------------------------------------------------------+-----
Conjurations   | 1 2 3 4 5 7 8 9 10 11 12 13 | 13.1
Fire Magic     | 3 4 5 7 8 10 11 12 13 14 15 16 17 | 17.8
Spellcasting   | 2 3 4 5 6 7 8 9 10 11 12 | 12.7
Dodging        | 4 5 7 8 9 |  9.9
Fighting       | 3 4 6 8 9 10 | 10.0
Armour         | 3 4 5 7 8 9 |  9.0
Charms         | 5 8 9 |  9.0
Shields        | 3 4 |  4.0
Air Magic      | 2 5 6 7 |  7.5
Translocations | 1 2 |  2.2
Evocations     | 2 3 |  3.0
Stealth        | |  1.7

Action                   |  1- 3 |  4- 6 |  7- 9 | 10-12 | 13-15 | 16-18 || total
-------------------------+-------+-------+-------+-------+-------+-------++-------
Melee: Unarmed           |     9 |       |       |       |       |       ||     9
       Mace              |       |    14 |    40 |   245 |   657 |   823 ||  1779
       Staff             |       |       |       |     3 |       |       ||     3
       Scimitar          |       |       |       |     1 |       |       ||     1
       Halberd           |       |       |       |       |   174 |       ||   174
 Fire: Blowgun           |       |       |       |     4 |    78 |       ||    82
Throw: Throwing net      |       |       |       |       |     9 |    18 ||    27
 Cast: Flame Tongue      |    75 |   116 |   167 |   337 |   430 |   123 ||  1248
       Throw Flame       |     1 |     7 |       |    30 |    67 |   382 ||   487
       Conjure Flame     |     1 |     1 |    31 |    55 |    51 |    42 ||   181
       Inner Flame       |       |       |    10 |    27 |    40 |    34 ||   111
       Sticky Flame      |       |       |     7 |    72 |   282 |   322 ||   683
       Fireball          |       |       |     2 |    37 |   141 |   134 ||   314
       Mephitic Cloud    |       |       |       |       |    36 |    86 ||   122
       Cure Poison       |       |       |       |       |    20 |    13 ||    33
       Regeneration      |       |       |       |       |     2 |    24 ||    26
       Blink             |       |       |       |       |       |    12 ||    12
       Stone Arrow       |       |       |       |       |       |    48 ||    48
       Deflect Missiles  |       |       |       |       |       |    11 ||    11
 Abil: Evoke Flight      |       |       |       |       |     6 |    34 ||    40
       Stop Flying       |       |       |       |       |       |     1 ||     1
Evoke: Wand              |       |       |    13 |    11 |     8 |    15 ||    47
       Lamp of fire      |       |       |       |       |       |     4 ||     4
  Use: Potion            |     2 |       |     1 |     3 |     8 |    20 ||    34
       Scroll            |       |       |    13 |     6 |    28 |    22 ||    69
 Stab: Sleeping          |     1 |       |     2 |     3 |     7 |     4 ||    17
       Confused          |       |       |       |       |     8 |    16 ||    24
       Held in net/web   |       |       |       |       |     4 |    10 ||    14
       Distracted        |       |       |       |       |     1 |       ||     1
  Eat: Chunk             |     4 |     8 |    11 |    34 |    62 |    26 ||   145
       Beef jerky        |       |       |     2 |     1 |     2 |     1 ||     6
       Pizza             |       |       |       |     2 |     4 |       ||     6
       Fruit             |       |       |       |     2 |     8 |     9 ||    19
       Bread ration      |       |       |       |     1 |     4 |     8 ||    13
       Meat ration       |       |       |       |       |     2 |     8 ||    10
Armor: Robe              |    11 |    12 |     4 |       |       |       ||    27
       Leather armour    |       |       |    26 |   140 |   257 |   311 ||   734
Dodge: Dodged            |    21 |    42 |    38 |   298 |   928 |   968 ||  2295
       Deflected         |       |       |       |       |       |    87 ||    87
Block: Buckler           |       |       |       |       |   102 |   478 ||   580
